 Dungeon Crawl Stone Soup version 0.30-a0-711-gf4ac18a38d (webtiles) character file.

Game seed: 3349347328996388403

86 drugrobin the Sneak (level 4, -5/37 HPs)
             Began as a Demigod Delver on Jan 22, 2023.
             Slain by a mummy (17 damage)
             ... in an ossuary.
             The game lasted 00:02:59 (264 turns).

drugrobin the Sneak (Demigod Delver)                 Turns: 264, Time: 00:02:59

Health: -5/37      AC:  7    Str: 17    XL:     4   Next: 6%
Magic:  6/6        EV: 12    Int: 12    God:
Gold:   50         SH:  0    Dex: 15    Spells: 3/3 levels left

rFire   . . .      SeeInvis .      - Unarmed
rCold   . . .      Faith    .    (no shield)
rNeg    . . .      Spirit   .    a - +0 leather armour
rPois   .          Reflect  .    (no helmet)
rElec   .          Harm     .    (no cloak)
rCorr   .          Rampage  .    (no gloves)
Will    .....                    (no boots)
Stlth   +++                      (no amulet)
HPRegen 0.26/turn                h - +4 ring of protection
MPRegen 0.10/turn                (no ring)

@: no status effects
A: high MP 1, forlorn, divine attributes
a: no special abilities


You were in an ossuary.
You visited 1 branch of the dungeon, and saw 2 of its levels.
You also visited: Ossuary.

You collected 50 gold pieces.

Inventory:

Missiles
 i - 3 poisoned darts (quivered)
Armour
 a - a +0 leather armour (worn)
Jewellery
 h - a +4 ring of protection (left hand)
Wands
 f - a wand of digging (3)
 g - a wand of iceblast (4)
Scrolls
 b - a scroll of fog
 d - a scroll of fear
 j - a scroll of noise {unknown}
Potions
 e - a potion of haste


   Skills:
 - Level 2.6 Fighting
 - Level 1.7 Dodging
 - Level 4.5 Stealth
 + Level 4.2 Unarmed Combat


You had 3 spell levels left.
You didn't know any spells.
Your spell library was empty.

Dungeon Overview and Level Annotations

Branches:
Dungeon (5/15)            Ossuary (1/1)
 Temple: D:4-7


Innate Abilities, Weirdness & Mutations

You have an increased reservoir of magic. (+10% MP)
You shall have no god before yourself.
Your divine heritage dramatically boosts your attributes as you level up.


Message History

The gnoll zombie closely misses you.
You hit the gnoll zombie.
You destroy the gnoll zombie!
Unknown command.
Unknown command.
You closely miss the goblin zombie.
The goblin zombie is moderately damaged.
The goblin zombie hits you but does no damage.
You hit the goblin zombie.
The goblin zombie is severely damaged.
You hit the goblin zombie.
You destroy the goblin zombie!
You hit the human zombie.
The human zombie is lightly damaged.
The human zombie hits you.
You barely miss the human zombie.
The human zombie is lightly damaged.
You punch the mummy! You punch the mummy.
The mummy is heavily damaged.
You barely miss the mummy.
The mummy is heavily damaged.
You hit the mummy.
The mummy is severely damaged.
You barely miss the mummy.
The mummy is severely damaged.
The mummy hits you!
You hit the mummy.
The mummy is almost destroyed.
The mummy hits you!
* * * LOW HITPOINT WARNING * * *
Unknown command.
Unknown command.
You hit the mummy but do no damage.
The mummy is almost destroyed.
Unknown command.
Unknown command.
You hit the mummy but do no damage.
The mummy is almost destroyed.
The mummy hits you!
You die...

#..#...............
#..................
#.....##...........
#.....##...........
#..................
#..................
####.........#####.
#!!#Z..............
#!@MZZ.........∩...
###################


You could see a mummy, a goblin zombie, a hobgoblin zombie and a human zombie.

Vanquished Creatures
  3 hound zombies (Ossuary)
  2 mummies (Ossuary)
  An adder (D:4)
  An orc (D:4)
  A gnoll zombie (Ossuary)
  A goblin (D:4)
  A goblin zombie (Ossuary)
  A hobgoblin zombie (Ossuary)
  A kobold zombie (Ossuary)
12 creatures vanquished.

Notes
Turn   | Place    | Note
-------+----------+-------------------------------------------
     0 | D:5      | drugrobin the Demigod Delver began the quest for the Orb.
     0 | D:5      | Reached XP level 1. HP: 18/18 MP: 3/3
   105 | D:4      | Reached XP level 2. HP: 15/25 MP: 4/4
   172 | D:5      | Found a sand-covered staircase.
   182 | Ossuary  | Entered an ossuary
   229 | Ossuary  | Reached XP level 3. HP: 27/30 MP: 5/5
   247 | Ossuary  | Reached XP level 4. HP: 34/37 MP: 6/6
   264 | Ossuary  | Slain by a mummy

Illustrated notes

Levels and vault maps discovered:
D:4:      layout_gridville, tso_oasis_becter
D:5:      layout_loops_ring, enter_ossuary_1, serial_demonic, serial_demonic_d,
          serial_demonic_e, serial_demonic_b, serial_demonic_f
Ossuary:  ossuary_minmay_tomb_2a

Skill      XL: |  1  2  3 |
---------------+----------+-----
Unarmed Combat | 2 3 4 |  4.2
Fighting       | |  2.6
Dodging        | |  1.7
Stealth        | |  4.5

Action                     |  1- 3 |  4- 6 || total
---------------------------+-------+-------++-------
  Melee: Unarmed           |    48 |    18 ||    66
         Punch             |       |     1 ||     1
  Evoke: Wand              |     3 |       ||     3
    Use: Scroll            |     2 |       ||     2
 Armour: Leather armour    |    22 |     2 ||    24
  Dodge: Dodged            |    32 |     2 ||    34

Table legend: (Time is in decaauts)
 A = Elapsed time spent in this place.
 B = Non-inter-level travel time spent in this place.
 C = Inter-level travel time spent in this place.
 D = Time resting spent in this place.
 E = Time spent auto-exploring this place.
 F = Levels seen in this place.
 G = Mean time per level.
                   A        B        C        D        E       F      G
               +--------+--------+--------+--------+--------+-----+--------+
         Total |    258 |    258 |      0 |      0 |      0 |   3 |   86.0 |
       Dungeon |    180 |    180 |      0 |      0 |      0 |   2 |   90.0 |
       Ossuary |     78 |     78 |      0 |      0 |      0 |   1 |   78.0 |
               +--------+--------+--------+--------+--------+-----+--------+

Top non-repeatable levels by time:
     D:4: 129 daAuts
 Ossuary: 78 daAuts
     D:5: 50 daAuts
